 Dungeon Crawl Stone Soup version 0.27-a0-262-gc50aac273e (webtiles) character file.

Game seed: 9509548310192442146

654 Borgoz the Slasher (level 7, -2/59 HPs)
             Began as a Ghoul Gladiator on Feb 5, 2021.
             Slain by a mummy (13 damage)
             ... in an ossuary.
             The game lasted 00:06:44 (3749 turns).

Borgoz the Slasher (Ghoul Gladiator)                Turns: 3749, Time: 00:06:45

Health: -2/59      AC: 10    Str: 18    XL:     7   Next: 54%
Magic:  6/6        EV: 12    Int:  3    God:
Gold:   147        SH:  0    Dex: 12    Spells: 6/6 levels left

rFire    . . .     SeeInvis .   a - +1 long sword
rCold    + . .     Faith    .   (no shield)
rNeg     + + +     Spirit   .   f - +0 ring mail
rPois    ∞         Reflect  .   c - +0 helmet
rElec    .         Harm     .   i - +0 cloak
rCorr    .         Rampage  .   (no gloves)
Will     +....                  l - +1 pair of boots
Stlth    +.........             t - amulet of regeneration
HPRegen  0.00/turn              v - ring of willpower
MPRegen  0.10/turn              (no ring)

@: marked, very slightly contaminated
A: claws 1, cold resistance 1, negative energy resistance 3, inhibited
regeneration, torment resistance, unbreathing
a: no special abilities


You were in an ossuary.
You visited 1 branch of the dungeon, and saw 5 of its levels.
You also visited: Sewer and Ossuary.

You collected 147 gold pieces.

Inventory:

Hand Weapons
 a - a +1 long sword (weapon)
Missiles
 d - 4 throwing nets (quivered)
Armour
 c - a +0 helmet (worn)
 f - a +0 ring mail (worn)
 i - a +0 cloak (worn)
 l - a +1 pair of boots (worn)
Jewellery
 t - an amulet of regeneration (around neck)
 v - a ring of willpower (left claw)
Scrolls
 b - a scroll of enchant weapon
 m - a scroll of fear
Potions
 e - a potion of resistance
 k - a potion of cancellation
 p - a potion of magic


   Skills:
 + Level 4.2 Fighting
 * Level 5.0 Long Blades
 - Level 1.7 Throwing
 * Level 3.3 Armour
 * Level 4.3 Dodging


You had 6 spell levels left.
You didn't know any spells.
Your spell library was empty.

Dungeon Overview and Level Annotations

Branches:
Dungeon (5/15)              Sewer (visited)         Ossuary (1/1)
 Temple: D:4-7

Altars:
Elyvilon


Innate Abilities, Weirdness & Mutations

You thrive by killing the living.
You are immune to poison.
You have sharp fingernails.
Your flesh is cold resistant. (rC+)
You are immune to negative energy. (rN+++)
You do not regenerate when monsters are visible.
You are immune to unholy pain and torment.
You can survive without breathing.


Message History

The centaur zombie hits you but does no damage.
The centaur zombie closely misses you.
The centaur zombie hits you but does no damage. x3
You hit the centaur zombie.
The centaur zombie is severely damaged.
The centaur zombie hits you.
* * * LOW HITPOINT WARNING * * *
The centaur zombie hits you.
* * * LOW HITPOINT WARNING * * *
The centaur zombie hits you.
* * * LOW HITPOINT WARNING * * *
The mummy barely misses you. The centaur zombie barely misses you.
You slash the centaur zombie!
The centaur zombie is almost destroyed.
The centaur zombie hits you but does no damage.
The centaur zombie barely misses you.
You riposte.
You hit the centaur zombie.
The centaur zombie is severely damaged.
The centaur zombie hits you but does no damage. x2
The mummy hits you!
You die...

#
###########.#
##ZZ..........
#@MZ..........
#ZZZ..∩.∩.....
#ZZ........Z..
##...........^
###########.#
#


You could see a mummy, 4 big kobold zombies and 4 centaur zombies.

Vanquished Creatures
  Sigmund (D:2)
  A bullfrog (D:2)
  Blork the orc (D:4)
  A centaur zombie (Ossuary)
  A hound (D:4)
  Crazy Yiuf (D:2)
  A worker ant (D:5)
  A hound skeleton (D:4)
  2 mummies (Ossuary)
  3 gnolls (D:5)
  8 adders
  An adder skeleton (D:4)
  2 worms
  A dart slug (D:2)
  5 leopard geckos
  2 orcs (D:3)
  4 ball pythons
  6 giant cockroaches
  12 goblins
  7 hobgoblins
  7 jackals
  15 kobolds
  7 bats
  16 frilled lizards
  8 rats
114 creatures vanquished.

Vanquished Creatures (others)
  12 plants (Sewer)
12 creatures vanquished.

Grand Total: 126 creatures vanquished

Notes
Turn   | Place    | Note
-------+----------+-------------------------------------------
     0 | D:1      | Borgoz the Ghoul Gladiator began the quest for the Orb.
     0 | D:1      | Reached XP level 1. HP: 17/17 MP: 0/0
   189 | D:1      | Reached XP level 2. HP: 25/25 MP: 1/1
   248 | D:1      | Reached skill level 3 in Long Blades
   327 | D:1      | Reached XP level 3. HP: 30/30 MP: 2/2
   439 | D:1      | Reached skill level 1 in Armour
   803 | D:2      | Noticed Sigmund
   810 | D:2      | Killed Sigmund
   811 | D:2      | Reached skill level 4 in Long Blades
   811 | D:2      | Reached XP level 4. HP: 35/38 MP: 3/3
   811 | D:2      | Reached XP level 5. HP: 41/45 MP: 4/4
  1179 | D:2      | Reached XP level 6. HP: 51/51 MP: 5/5
  1235 | D:2      | Found a runed translucent door.
  1236 | D:2      | Noticed Crazy Yiuf
  1574 | D:2      | Killed Crazy Yiuf
  1971 | D:3      | Found a glowing drain.
  1975 | Sewer    | Entered a sewer
  2931 | D:3      | Reached XP level 7. HP: 59/59 MP: 6/6
  3042 | D:3      | Found a white marble altar of Elyvilon.
  3523 | D:4      | Noticed Blork the orc
  3537 | D:4      | Killed Blork the orc
  3538 | D:4      | You fall into a shaft and drop 1 floor!
  3538 | D:5      | Entered Level 5 of the Dungeon
  3715 | D:4      | Found a sand-covered staircase.
  3720 | Ossuary  | Entered an ossuary
  3740 | Ossuary  | Reached skill level 5 in Long Blades
  3749 | Ossuary  | Slain by a mummy

Illustrated notes

Levels and vault maps discovered:
D:1:      minmay_arrival_stone_box, layout_rooms, st_stairs_6,
          minmay_split_cup_small
D:2:      layout_loops_cross, uniq_crazy_yiuf_cottage, uniq_sigmund
D:3:      layout_basic, lemuel_doored_altar, gup_sewer_entry_spiral
D:4:      layout_basic, nicolae_ossuary_entry_ruins, uniq_blork_the_orc
D:5:      layout_loops_cross, eat_drink_and_be_merry_uskayaw,
          minmay_temple_entry_junction
Ossuary:  ossuary_the_hunt_dpeg

Skill      XL: |  1  2  3  4  5  6  7 |
---------------+----------------------+-----
Long Blades    | 3 4 5 |  5.0
Armour         | 1 2 3 |  3.3
Dodging        | 3 4 |  4.3
Fighting       | 3 4 |  4.2
Throwing       | |  1.7

Action                   |  1- 3 |  4- 6 |  7- 9 || total
-------------------------+-------+-------+-------++-------
Melee: Long sword        |    74 |   280 |    74 ||   428
  Use: Scroll            |     2 |     4 |    10 ||    16
       Potion            |     1 |       |     5 ||     6
 Stab: Invisible         |     1 |       |     4 ||     5
Armor: Leather armour    |     8 |       |       ||     8
       Ring mail         |    34 |   126 |    42 ||   202
Dodge: Dodged            |    60 |   209 |    98 ||   367
       Rpst.: Long sword |    23 |    59 |    24 ||   106

Table legend: (Time is in decaauts)
 A = Elapsed time spent in this place.
 B = Non-inter-level travel time spent in this place.
 C = Inter-level travel time spent in this place.
 D = Time resting spent in this place.
 E = Time spent auto-exploring this place.
 F = Levels seen in this place.
 G = Mean time per level.
                   A        B        C        D        E       F      G
               +--------+--------+--------+--------+--------+-----+--------+
         Total |   4008 |   3882 |    126 |    145 |   2372 |   7 |  572.6 |
       Dungeon |   3206 |   3080 |    126 |    145 |   1975 |   5 |  641.2 |
         Sewer |    770 |    770 |      0 |      0 |    397 |   1 |  770.0 |
       Ossuary |     31 |     31 |      0 |      0 |      0 |   1 |   31.0 |
               +--------+--------+--------+--------+--------+-----+--------+

Top non-repeatable levels by time:
     D:3: 1075 daAuts
     D:2: 1022 daAuts
   Sewer: 770 daAuts
     D:1: 741 daAuts
     D:4: 322 daAuts
     D:5: 44 daAuts
 Ossuary: 31 daAuts
